 Dungeon Crawl Stone Soup version 0.29.1-2-gbd0b4ee654 (webtiles) character file.

Game seed: 8468676927594570877

84 Lutefisk the Trooper (level 4, 0/50 HPs)
             Began as an Ogre Cinder Acolyte on Oct 30, 2022.
             Was a High Priest of Ignis.
             Slain by an orc priest
             ... wielding a +0 whip
              (3 damage)
             ... on level 3 of the Dungeon.
             The game lasted 00:08:11 (1135 turns).

Lutefisk the Trooper (Ogre Cinder Acolyte)          Turns: 1135, Time: 00:08:12

Health: 0/50       AC:  3    Str: 18    XL:     4   Next: 46%
Magic:  0/7        EV:  9    Int: 17    God:    Ignis [*****.]
Gold:   32         SH:  0    Dex:  4    Spells: 4/7 levels left

rFire   + . .      SeeInvis .   a - -1 mace (flame)
rCold   . . .      Faith    .   (no shield)
rNeg    . . .      Spirit   .   b - +0 robe
rPois   .          Reflect  .   (helmet restricted)
rElec   .          Harm     .   (no cloak)
rCorr   .          Rampage  .   (gloves unavailable)
Will    .....                   (boots unavailable)
Stlth   +.........              (no amulet)
HPRegen 0.16/turn               (no ring)
MPRegen 0.10/turn               (no ring)

@: no status effects
A: large, unfitting armour, tough skin 1
a: Renounce Religion, Fiery Armour, Foxfire Swarm, Rising Flame


You were on level 3 of the Dungeon.
You worshipped Ignis.
Ignis was extremely pleased with you.
You visited 1 branch of the dungeon, and saw 3 of its levels.

You collected 32 gold pieces.

Inventory:

Hand Weapons
 a - a -1 mace of flaming (weapon)
Missiles
 e - 5 poisoned darts (quivered)
Armour
 b - a +0 robe (worn)
Scrolls
 d - 3 scrolls of immolation {unknown}
 f - 2 scrolls of noise {unknown}
 g - 2 scrolls of identify {unknown}
 h - 2 scrolls of magic mapping {unknown}
 i - 2 scrolls of teleportation {unknown}
 j - a scroll of silence {unknown}
 l - a scroll of torment {unknown}
Potions
 c - a potion of haste {unknown}
 k - a potion of degeneration {unknown}
 m - a potion of mutation {unknown}


   Skills:
 * Level 5.3 Fighting
 - Level 2.6 Maces & Flails
 - Level 2.0 Spellcasting
 * Level 0.5 Necromancy
 * Level 3.5 Fire Magic


You had 4 spell levels left.
You knew the following spells:

 Your Spells              Type           Power      Damage    Failure   Level
a - Scorch                Fire           26%        2d6       7%          2
b - Necrotise             Necr           12%        1d4       16%         1

Your spell library contained the following spells:

 Spells                   Type           Power      Damage    Failure   Level
 Apportation              Tloc           2%         N/A       19%         1
 Summon Small Mammal      Summ           4%         N/A       19%         1


Dungeon Overview and Level Annotations

Branches:
Dungeon (3/15)

Altars:
Makhleb


Innate Abilities, Weirdness & Mutations

You are too large for most types of armour.
You have tough skin. (AC +1)


Message History

Your orc skeleton closely misses the orc priest.
Your orc skeleton hits the orc priest.
Your orc skeleton hits the orc priest but does no damage.
Casting: Necrotise (safe; 16% risk of failure)
Confirm with . or Enter, or press ? or * to list all spells.
Flames lash the orc priest.
The orc priest is moderately wounded.
The orc priest's fire resistance burns away.
Unknown command.
You barely miss the orc priest.
The orc priest is moderately wounded.
The orc priest mumbles some strange prayers to Beogh against you.
Pain shoots through your body!
You barely miss the orc priest.
The orc priest is moderately wounded.
The orc priest barely misses you.
Your orc skeleton misses the orc priest.
The orc priest invokes the aid of Beogh against you.
Pain shoots through your body!
You closely miss the orc priest.
The orc priest is moderately wounded.
The orc priest is no longer more vulnerable to fire.
The orc priest mumbles some strange prayers to Beogh against you.
Pain shoots through your body!
Your orc skeleton hits the orc priest.
You hit the orc priest but do no damage.
The orc priest is heavily wounded.
The orc priest hits you with a +0 whip.
Your orc skeleton closely misses the orc priest.
You hit the orc priest. You burn the orc priest.
The orc priest is severely wounded.
The orc priest hits you with a +0 whip.
Your orc skeleton hits the orc priest but does no damage.
You hit the orc priest but do no damage.
The orc priest is severely wounded.
The orc priest mumbles some strange prayers to Beogh against you.
Beogh smites you!
* * * LOW HITPOINT WARNING * * *
Your orc skeleton hits the orc priest but does no damage.
The orc priest hits you with a +0 whip.
You die...

##.#.# ####. ######....# ...
....#....<## ....
.................# .#. ...
...............>## o#. ...
#.#...#.##.#...#.# .. ..# #.#...#
#.##.###. # #.##.. #.#...#
##.#...#.. #.#....#
#@#...#.##.#.##.#
>S.#.########o#...#.##......#
.#.##.#.#†..o.)Z.......####.##...
...........Z(.###....######.# #.
)#.............##.##........####.
####.#...#.#..##.##.##..........
#.#........##....##.##..#####
..#.................##..#
####....##..##....#####..#


You could see an orc priest (ally target) and a friendly orc skeleton.

Vanquished Creatures
  3 adders
  A worm (D:2)
  2 dart slugs
  An orc (D:3)
  2 ball pythons (D:1)
  4 endoplasms
  2 giant cockroaches (D:1)
  8 goblins
  3 hobgoblins
  A quokka (D:1)
  4 bats
  4 frilled lizards
  9 kobolds
  5 rats
49 creatures vanquished.

Vanquished Creatures (collateral kills)
  An orc (D:3)
1 creature vanquished.

Vanquished Creatures (others)
  3 fungi (D:2)
  6 plants
9 creatures vanquished.

Grand Total: 59 creatures vanquished

Notes
Turn   | Place    | Note
-------+----------+-------------------------------------------
     0 | D:1      | Lutefisk the Ogre Cinder Acolyte began the quest for the
                  | Orb.
     0 | D:1      | Reached XP level 1. HP: 24/24 MP: 2/2
   110 | D:1      | Reached XP level 2. HP: 9/32 MP: 4/4
   278 | D:1      | Learned a level 2 spell: Scorch
   428 | D:1      | Reached XP level 3. HP: 40/40 MP: 2/6
   709 | D:2      | Reached skill level 5 in Fighting
   719 | D:2      | Found a faded altar of an unknown god.
   779 | D:2      | Learned a level 1 spell: Necrotise
   870 | D:2      | Reached XP level 4. HP: 48/50 MP: 1/7
   906 | D:2      | Found a burning altar of Makhleb.
  1135 | D:3      | Slain by an orc priest

Illustrated notes

Levels and vault maps discovered:
D:1:      nzn_arrival_settlement, layout_basic, serial_bayou_crossing
D:2:      layout_loops_ring, dreamdust_ecumenical_altar_grove, basic_altar,
          minmay_octomino_e4
D:3:      layout_loops_cross, mainiacjoe_overflow_catwalk,
          nicolae_ru_sacrificial_ziggurat, chequers_avenue

Skill      XL: |  1  2  3 |
---------------+----------+-----
Fire Magic     | 3 |  3.5
Spellcasting   | 2 |  2.0
Fighting       | 5 |  5.3
Maces & Flails | |  2.6
Necromancy     | |  0.5

Action                   |  1- 3 |  4- 6 || total
-------------------------+-------+-------++-------
Melee: Mace              |    81 |    28 ||   109
       Punch             |     1 |       ||     1
 Cast: Scorch            |    19 |     4 ||    23
       Necrotise         |     2 |    10 ||    12
Invok: Fiery Armour      |     1 |       ||     1
Armor: Robe              |    24 |    16 ||    40
Dodge: Dodged            |    43 |    20 ||    63
